 Dungeon Crawl Stone Soup version 0.22-a0-231-g75390ab (webtiles) character file.

34 suicidejoker the Sneak (level 3, -1/26 HPs)
             Began as an Octopode Monk on Mar 18, 2018.
             Slain by Terence
             ... wielding a +2 flail of protection
              (12 damage)
             ... on level 2 of the Dungeon.
             The game lasted 00:01:47 (891 turns).

suicidejoker the Sneak (Octopode Monk)               Turns: 891, Time: 00:01:48

Health: -1/26      AC:  1    Str: 11    XL:     3   Next: 31%
Magic:  3/3        EV: 14    Int: 12    God:
Gold:   48         SH:  0    Dex: 14    Spells: 2/2 levels left

rFire    . . .     SeeInvis .   a - +0 short sword
rCold    . . .     Gourm    .   (no shield)
rNeg     + . .     Faith    .   (no helmet)
rPois    .         Spirit   .   (no amulet)
rElec    .         Reflect  .   f - ring of positive energy
rCorr    .         Harm     .   (no ring)
MR       .....                  (no ring)
Stlth    +++.......             (no ring)
HPRegen  0.08/turn              (no ring)
MPRegen  0.08/turn              (no ring)
                                (no ring)
                                (no ring)

@: no status effects
A: almost no armour, stealthy swim, amphibious, 8 rings, constrict 8, camouflage
1, gelatinous body 1
a: no special abilities


You were on level 2 of the Dungeon.
You were not hungry.

You visited 1 branch of the dungeon, and saw 2 of its levels.

You collected 48 gold pieces.

Inventory:

Hand Weapons
 a - a +0 short sword (weapon)
Missiles
 i - 60 stones (quivered)
 j - 14 sling bullets
Jewellery
 f - a ring of positive energy (left tentacle)
Scrolls
 c - a scroll of magic mapping {unknown}
 d - 2 scrolls of identify {unknown}
 g - a scroll of amnesia {unknown}
Potions
 e - a potion of curing {unknown}
 h - a potion of agility
Comestibles
 b - 3 rations


   Skills:
 + Level 3.2 Fighting
 - Level 3.0 Short Blades
 + Level 3.3 Dodging
 * Level 3.8 Stealth
 + Level 1.0 Unarmed Combat


You had 2 spell levels left.
You didn't know any spells.

Dungeon Overview and Level Annotations

Branches:
Dungeon (2/15)

Altars:

Annotations:
D:2 Terence


Innate Abilities, Weirdness & Mutations

You cannot wear most types of armour.
You are very stealthy in the water. (Stealth+)
You are amphibious.
You can wear up to eight rings at the same time.
You can use your tentacles to constrict eight enemies at once.
Your skin changes colour to match your surroundings (Stealth+).
Your rubbery body absorbs attacks. (AC +1, EV +1)


Message History

You hit Terence but do no damage.
Terence is heavily wounded.
You constrict Terence, but do no damage.
Terence closely misses you.
You hit Terence but do no damage. You squeeze Terence, but do no damage.
Terence is heavily wounded.
You constrict Terence, but do no damage.
You hit Terence.
Terence is severely wounded.
You constrict Terence.
Terence hits you with a flail of protection.
You hit Terence. You squeeze Terence, but do no damage.
Terence is almost dead.
You constrict Terence, but do no damage.
Terence closely misses you.
You hit Terence but do no damage.
Terence is almost dead.
You constrict Terence, but do no damage.
Terence hits you with a flail of protection!
You die...

### #<# #.# #.#
#.# # #.# ... #.#
.....#.#########
.......†.@.......
......#...@...###
......#.......#
##### #.......#
#.#.......
..#.####..#
####.# ..# ... ..


You could see Terence.

Vanquished Creatures
  2 dart slugs
  2 giant cockroaches (D:1)
  4 goblins (D:1)
  4 hobgoblins (D:1)
  5 bats (D:1)
  3 frilled lizards (D:1)
  6 kobolds (D:1)
  4 rats (D:1)
30 creatures vanquished.

Notes
Turn   | Place    | Note
-------+----------+-------------------------------------------
     0 | D:1      | suicidejoker the Octopode Monk began the quest for the Orb.
     0 | D:1      | Reached XP level 1. HP: 16/16 MP: 1/1
   182 | D:1      | Reached XP level 2. HP: 19/21 MP: 2/2
   390 | D:1      | Reached XP level 3. HP: 22/26 MP: 3/3
   472 | D:1      | Reached skill level 1 in Unarmed Combat
   872 | D:2      | Noticed Terence
   891 | D:2      | Slain by Terence

Vault maps used:
D:1:      evilmike_arrival_rings, minmay_split_cup_large
D:2:      kennysheep_six_static_rooms, corexii_item_surrounded_by_moat,
          uniq_robin, uniq_terence

Skill      XL: |  1  2  3 |
---------------+----------+-----
Stealth        | 3 |  3.8
Unarmed Combat | 1 |  1.0
Fighting       | |  3.2
Short Blades   | |  3.0
Dodging        | |  3.3

Action                   || total
-------------------------++-------
Melee: Short sword       ||    78
       Constrict         ||    17
       Tentacles         ||    17
 Stab: Sleeping          ||     9
Armor: Skin              ||    12
Dodge: Dodged            ||    74

Table legend:
 A = Spawn XP
 B = Non-spawn XP
 C = Spawn XP percentage of total XP
 D = Spawn monster count
 E = Non-spawn monster count
 F = Spawn count percentage of total count
 G = Total turns spent on level
                    A         B        C        D         E        F      G
               +---------+---------+-------+---------+---------+-------+---------
         Total |       0 |      49 |   0.0 |       0 |      30 |   0.0 |   891
               +---------+---------+-------+---------+---------+-------+---------
           D:1 |       0 |      45 |   0.0 |       0 |      29 |   0.0 |   866
           D:2 |       0 |       4 |   0.0 |       0 |       1 |   0.0 |    25
               +---------+---------+-------+---------+---------+-------+---------
